 Dungeon Crawl Stone Soup version 0.30-a0-702-gdf48620a09 (webtiles) character file.

Game seed: 15814721167138392624

46 Leeroy the Slasher (level 3, 0/21 HPs)
             Began as a Tengu Warper on Jan 21, 2023.
             Slain by Terence
             ... wielding a +1 flail of protection
              (11 damage)
             ... on level 2 of the Dungeon.
             The game lasted 00:00:49 (868 turns).

Leeroy the Slasher (Tengu Warper)                    Turns: 868, Time: 00:00:50

Health: 0/21       AC:  3    Str: 11    XL:     3   Next: 66%
Magic:  7/7        EV: 12    Int: 13    God:
Gold:   48         SH:  0    Dex: 15    Spells: 6/6 levels left

rFire   . . .      SeeInvis .    a - +0 falchion
rCold   . . .      Faith    .    (no shield)
rNeg    . . .      Spirit   .    b - +0 leather armour
rPois   +          Reflect  .    (helmet restricted)
rElec   .          Harm     .    (no cloak)
rCorr   .          Rampage  .    (no gloves)
Will    .....                    (boots unavailable)
Stlth   +                        (no amulet)
HPRegen 0.23/turn                h - ring of poison resistance
MPRegen 0.10/turn                (no ring)

@: no status effects
A: beak, talons 3
a: no special abilities


You were on level 2 of the Dungeon.
You visited 1 branch of the dungeon, and saw 2 of its levels.

You collected 48 gold pieces.

Inventory:

Hand Weapons
 a - a +0 falchion (weapon)
Missiles
 d - 6 boomerangs of dispersal (quivered)
Armour
 b - a +0 leather armour (worn)
Jewellery
 h - a ring of poison resistance (left hand)
 j - a ring of willpower
Scrolls
 c - a scroll of blinking
 e - a scroll of identify {unknown}
 f - a scroll of noise {unknown}
 i - a scroll of vulnerability {unknown}
Potions
 g - 2 potions of flight {unknown}


   Skills:
 - Level 2.0 Fighting
 + Level 4.3 Long Blades
 - Level 1.0 Throwing
 - Level 1.1 Armour
 - Level 2.1 Dodging
 - Level 2.0 Spellcasting
 - Level 2.4 Translocations


You had 6 spell levels left.
You didn't know any spells.
Your spell library contained the following spells:

 Spells                   Type           Power      Damage    Failure   Level
 Blink                    Tloc           14%        N/A       19%         2
 Lesser Beckoning         Tloc           14%        N/A       19%         2
 Teleport Other           Tloc           7%         N/A       36%         3
 Vhi's Electric Charge    Tloc/Air       8%         N/A       52%         3
 Manifold Assault         Tloc           7%         N/A       77%         4


Dungeon Overview and Level Annotations

Branches:
Dungeon (2/15)

Altars:

Annotations:
D:2 Terence


Innate Abilities, Weirdness & Mutations

You have a beak for a mouth.
You have claws for feet.


Message History

You kill the adder!
The endoplasm hits you.
You hit the endoplasm but do no damage. You claw the endoplasm.
You kill the endoplasm!
No target in view!
No target in view!
No target in view!
No target in view!
No target in view!
i - a scroll labelled TEUTOPT OB OBO
j - a ring of willpower You see here a +0 club.
Found a robe.
Terence the Incautious comes into view.
He is wielding a +1 flail of protection.
Found a stone staircase leading up.
Found a tapered bronze wand.
Terence shouts!
You hit Terence but do no damage. Your kick misses Terence.
Terence hits you with a +1 flail of protection.
You hit Terence. You claw Terence, but do no damage.
Terence is lightly wounded.
Terence hits you with a +1 flail of protection!
You are too injured to fight recklessly!
You are too injured to fight recklessly!
You hit Terence but do no damage. You claw Terence.
Terence is lightly wounded.
Terence closely misses you.
You don't know any spells.
Okay, then.
You aren't carrying any items that you can evoke.
Unknown command.
Throw: 7 boomerangs (disperse)
Press: ? - help, Q - select action Shift-Dir - straight line, f - Terence
Aim: Terence, wielding a +1 flail of protection and wearing a +0 scale mail (63% to hit)
You throw a boomerang of dispersal.
The boomerang of dispersal hits Terence but does no damage.
Terence hits you but does no damage.
Terence hits you with a +1 flail of protection!
Ouch! That really hurt!
You die...

##...........
#...../......
#.......<....
#............
#.............
#)............
#............
####...@.......
.[.....@..#.###
#...........###.
#.#.............
#.......###...## .
#.......###..... .#
##.............#. ###.##
#.....#..###.....
.....###.#..............
.......).....##.##......


You could see Terence.

Vanquished Creatures
  2 adders (D:2)
  2 bats (D:1)
  4 endoplasms
  A giant cockroach (D:1)
  A hobgoblin (D:2)
  4 quokkas
  2 frilled lizards (D:1)
  5 goblins
  5 kobolds
26 creatures vanquished.

Notes
Turn   | Place    | Note
-------+----------+-------------------------------------------
     0 | D:1      | Leeroy the Tengu Warper began the quest for the Orb.
     0 | D:1      | Reached XP level 1. HP: 12/12 MP: 4/4
   197 | D:1      | Reached skill level 3 in Long Blades
   197 | D:1      | Reached XP level 2. HP: 13/17 MP: 6/6
   721 | D:2      | Reached XP level 3. HP: 8/21 MP: 7/7
   799 | D:2      | Reached skill level 4 in Long Blades
   859 | D:2      | Noticed Terence
   868 | D:2      | Slain by Terence

Illustrated notes

Levels and vault maps discovered:
D:1:      lightli_arrival_isolated_outpost, layout_loops_ring
D:2:      minmay_spotlight, layout_rooms, uniq_terence

Skill      XL: |  1  2  3 |
---------------+----------+-----
Long Blades    | 3 4 |  4.3
Fighting       | |  2.0
Throwing       | |  1.0
Armour         | |  1.1
Dodging        | |  2.1
Spellcasting   | |  2.0
Translocations | |  2.4

Action                   || total
-------------------------++-------
Melee: Falchion          ||    62
       Kick              ||    14
       Peck              ||     8
Throw: Boomerang         ||     1
 Stab: Sleeping          ||     1
Armor: Leather armour    ||    20
Dodge: Dodged            ||    33

Table legend: (Time is in decaauts)
 A = Elapsed time spent in this place.
 B = Non-inter-level travel time spent in this place.
 C = Inter-level travel time spent in this place.
 D = Time resting spent in this place.
 E = Time spent auto-exploring this place.
 F = Levels seen in this place.
 G = Mean time per level.
                   A        B        C        D        E       F      G
               +--------+--------+--------+--------+--------+-----+--------+
         Total |    883 |    864 |     19 |      0 |    703 |   2 |  441.5 |
       Dungeon |    883 |    864 |     19 |      0 |    703 |   2 |  441.5 |
               +--------+--------+--------+--------+--------+-----+--------+

Top non-repeatable levels by time:
     D:1: 730 daAuts
     D:2: 153 daAuts
